 Dungeon Crawl Stone Soup version 0.19-a0-1920-g83281cb (webtiles) character file.

74 Kaname the Digger (level 4, 23/30 HPs)
             Began as a Demonspawn Earth Elementalist on Oct 23, 2016.
             Got out of the dungeon alive.
             The game lasted 00:05:47 (1479 turns).

Kaname the Digger (Demonspawn Earth Elementalist)   Turns: 1479, Time: 00:05:48

Health: 23/30      AC:  2    Str:  9    XL:     4   Next: 10%
Magic:  7/7        EV: 12    Int: 17    God:
Gold:   36         SH:  0    Dex: 13    Spells: 3 memorised, 1 level left

rFire  . . .     SeeInvis .     g - +1 dagger (vamp)
rCold  . . .     Gourm    .     c - +0 robe
rNeg   . . .     Faith    .     (no shield)
rPois  .         Spirit   .     (no helmet)
rElec  .         Reflect  .     (no cloak)
rCorr  .         Harm     .     (no gloves)
MR     .....                    (no boots)
Stlth  ++........               (no amulet)
                                (no ring)
                                (no ring)

@: no status effects
A: claws 1, powered by death 1
a: no special abilities


You escaped.
You were not hungry.

You visited 1 branch of the dungeon, and saw 2 of its levels.

You collected 36 gold pieces.

Inventory:

Hand Weapons
 g - a +1 vampiric dagger (weapon)
Missiles
 b - 39 stones (quivered)
Armour
 c - a +0 robe (worn)
Scrolls
 f - a scroll of remove curse {unknown}
 h - a scroll of immolation {unknown}
 l - a scroll of enchant armour {unknown}
Potions
 a - a potion of lignification {unknown}
 i - 2 potions of flight {unknown}
 k - a potion of heal wounds {unknown}
 n - a potion of berserk rage {unknown}
Books
 e - a book of Geomancy

   Spells                             Type                      Level
   a - Sandblast                      Earth                        1
   b - Passwall                       Transmutation/Earth          2
   c - Stone Arrow                    Conjuration/Earth            3
   d - Petrify                        Transmutation/Earth          4
   e - Lee's Rapid Deconstruction     Earth                        5
Comestibles
 d - a bread ration
 j - 2 slices of pizza
 m - a chunk of flesh


   Skills:
 - Level 1.7 Dodging
 - Level 1.7 Stealth
 - Level 2.0 Spellcasting
 - Level 0.8 Transmutations
 + Level 4.5 Earth Magic


You had one spell level left.
You knew the following spells:

 Your Spells              Type           Power        Failure   Level  Hunger
a - Sandblast             Erth           ###...       2%          1    #......
b - Passwall              Tmut/Erth      ##........   12%         2    ###....
c - Stone Arrow           Conj/Erth      #.....       24%         3    ###....


Dungeon Overview and Level Annotations

Branches:
Dungeon (2/15)

Altars:


Innate Abilities, Weirdness & Mutations

You have sharp fingernails.
You regenerate a little health from kills.


Message History

Your fingernails lengthen.
Things that are here:
a dagger; a rat corpse You butcher the rat corpse.
m - a chunk of flesh
Things that are here:
a dagger; a rat skeleton
Items here: †††† a goblin corpse; a jackal corpse x3
There is a stone staircase leading up here.
You climb upwards.
There is a stone staircase leading down here.
Magic restored.
You see here a dagger.
There is an open door here.
You see here a club.
There is an open door here.
There is a staircase leading out of the dungeon here.
Are you sure you want to leave the Dungeon?
This will make you lose the game!
You have escaped!

#.........§≈§≈≈§§............#
#.....≈≈≈≈≈§≈≈≈§§≈≈..........#
#.....§§≈§§≈§...≈≈≈≈≈§§......#
#.....≈≈§§≈§......≈≈≈≈≈§≈....#
#.....≈≈§§§..........≈≈≈≈....#
#.....≈§≈.##########.≈≈≈≈....#
#.....§≈..##########...≈≈....#
#.....≈...##......##....§....#
#....§§§..##.@....##....§....#
#.....§≈..##......##...§≈....#
#.....≈..########'####..≈....# #
#...§.§..########.####..≈....# #
#.....§≈.##.....)...##.≈≈....#
####.....§.###.........##..≈....#
...#.....≈.##..........##..≈....#
##.#.....≈.##'###########.(≈....#
#.#.....≈.§...............≈....#


There were no monsters in sight!

Vanquished Creatures
  Natasha (D:2)
  2 oozes (D:1)
  A worm (D:2)
  A leopard gecko (D:1)
  6 bats
  A giant cockroach (D:1)
  4 goblins
  3 hobgoblins (D:1)
  5 jackals
  2 quokkas (D:2)
  A ball python (D:2)
  A frilled lizard (D:2)
  5 kobolds
  8 rats
41 creatures vanquished.

Notes
Turn   | Place    | Note
-------+----------+-------------------------------------------
     0 | D:1      | Kaname the Demonspawn Earth Elementalist began the quest for the Orb.
     0 | D:1      | Reached XP level 1. HP: 13/13 MP: 3/3
   103 | D:1      | Reached skill level 3 in Earth Magic
   399 | D:1      | Gained mutation: You regenerate a little health from kills. [demonic ancestry]
   399 | D:1      | Reached XP level 2. HP: 19/19 MP: 0/5
   544 | D:1      | Learned a level 2 spell: Passwall
   951 | D:1      | Reached XP level 3. HP: 23/24 MP: 2/6
   973 | D:1      | Learned a level 3 spell: Stone Arrow
  1225 | D:2      | Reached skill level 4 in Earth Magic
  1358 | D:2      | Noticed Natasha
  1389 | D:2      | Killed Natasha
  1389 | D:2      | Gained mutation: You have sharp fingernails. [demonic ancestry]
  1389 | D:2      | Reached XP level 4. HP: 14/30 MP: 2/7
  1479 | D:$      | Got out of the dungeon alive.

Vault maps used:
D:1:      erik_arrival_gehennom
D:2:      chequers_temple_overflow_statue_of_worship, uniq_natasha

Skill      XL: |  1  2  3 |
---------------+----------+-----
Earth Magic    | 3 4 |  4.5
Dodging        | |  1.7
Stealth        | |  1.7
Spellcasting   | |  2.0
Transmutations | |  0.8

Action                   |  1- 3 |  4- 6 || total
-------------------------+-------+-------++-------
Melee: Unarmed           |    36 |       ||    36
       Dagger            |    85 |       ||    85
 Cast: Sandblast         |    43 |     1 ||    44
       Passwall          |     1 |       ||     1
 Stab: Sleeping          |     3 |       ||     3
  Eat: Chunk             |     3 |       ||     3
       Bread ration      |     1 |       ||     1
Armor: Robe              |    28 |       ||    28
Dodge: Dodged            |    97 |       ||    97
